 Dungeon Crawl Stone Soup version 0.21.1-1-g345015f (webtiles) character file.

210 Solrac the Skirmisher (level 5, -3/81 HPs)
             Began as a Troll Berserker on Mar 17, 2018.
             Was a Believer of Trog.
             Killed from afar by Dowan (7 damage)
             ... with a wand of flame (30)
             ... on level 4 of the Dungeon.
             The game lasted 00:12:59 (2664 turns).

Solrac the Skirmisher (Troll Berserker)             Turns: 2664, Time: 00:13:00

Health: -3/81      AC:  5    Str: 32    XL:     5   Next: 57%
Magic:  4/4        EV: 10    Int:  4    God:    Trog [**....]
Gold:   180        SH:  0    Dex:  9    Spells: 4/4 levels left

rFire    . . .     SeeInvis +   a - +0 mace
rCold    . . .     Gourm    +   (no shield)
rNeg     . . .     Faith    .   b - +0 animal skin
rPois    .         Spirit   .   (helmet restricted)
rElec    .         Reflect  .   (no cloak)
rCorr    .         Harm     .   (gloves unavailable)
MR       .....                  (boots unavailable)
Stlth    ..........             p - amulet of regeneration
HPRegen  1.03/turn              k - +2 ring of strength
MPRegen  0.09/turn              r - ring of see invisible

@: berserking (expiring), very quick
A: large, unfitting armour, claws 3, fast metabolism 3, gourmand, regeneration
1, shaggy fur 1, tough skin 2
a: Berserk, Trog's Hand, Burn Spellbooks, Renounce Religion


You were on level 4 of the Dungeon.
You worshipped Trog.
Trog was pleased with you.
You were very full.

You visited 1 branch of the dungeon, and saw 4 of its levels.

You collected 180 gold pieces.

Inventory:

Hand Weapons
 a - a +0 mace (weapon)
Missiles
 e - 117 stones (quivered)
Armour
 b - a +0 animal skin (worn)
Jewellery
 k - a +2 ring of strength (left claw)
 p - an amulet of regeneration (around neck)
 r - a ring of see invisible (right claw)
Scrolls
 g - 3 scrolls of magic mapping {unknown}
 h - 2 scrolls of enchant armour {unknown}
 i - 2 scrolls of remove curse {unknown}
 m - 5 scrolls of identify {unknown}
 n - a scroll of blinking {unknown}
 t - a scroll of immolation {unknown}
Potions
 d - a potion of brilliance {unknown}
 f - a potion of might
 l - a potion of ambrosia {unknown}
 o - a potion of agility {unknown}
 q - 2 potions of invisibility {unknown}
 s - a potion of mutation {unknown}
 u - 2 potions of lignification {unknown}
Comestibles
 c - 6 rations


   Skills:
 * Level 4.1 Fighting
 + Level 3.6 Maces & Flails
 + Level 3.3 Dodging


You had 4 spell levels left.
You didn't know any spells.

Dungeon Overview and Level Annotations

Branches:
Dungeon (4/15)
 Temple: D:4-7

Altars:

Annotations:
D:4 Dowan


Innate Abilities, Weirdness & Mutations

You are too large for most types of armour.
You have claws for hands.
Your metabolism is lightning-fast.
You like to eat raw meat.
Your natural rate of healing is unusually fast.
You are covered in fur. (AC +1)
You have very tough skin. (AC +2)


Message History

* * * LOW HITPOINT WARNING * * *
You hit Dowan.
Dowan is lightly wounded.
Dowan closely misses you.
Dowan says, "How can I live without her?"
Dowan zaps a wand.
The puff of flame hits you!
* * * LOW HITPOINT WARNING * * *
All of the chunks of flesh in your inventory have rotted away.
You barely miss Dowan.
Dowan is lightly wounded.
Dowan hits you with a dagger.
* * * LOW HITPOINT WARNING * * *
You barely miss Dowan.
Dowan is lightly wounded.
Dowan zaps a wand.
The puff of flame hits you!
* * * LOW HITPOINT WARNING * * *
You closely miss Dowan.
Dowan is lightly wounded.
Dowan zaps a wand.
The puff of flame hits you!
You die...

.. #....# ... #.... #.#
##...# #..# #....# ..
#..##....# ..
###[..#....# ..
#......)...# ##..
...........###...#
####......@e...#
#.......#..##
#.......##..#
#........#..##
#.........#..#
#.........#..## #######
#.........##..###.....#
#........####.#.......#
#........# #.....>..##


You could see Dowan.

Vanquished Creatures
  Duvessa (D:4)
  3 adders
  3 oozes (D:2)
  5 worms
  2 dart slugs
  4 leopard geckos
  2 orcs
  9 bats
  2 hobgoblins
  6 kobolds
  2 quokkas
  6 frilled lizards
  5 goblins
  7 rats
57 creatures vanquished.

Notes
Turn   | Place    | Note
-------+----------+-------------------------------------------
     0 | D:1      | Solrac the Troll Berserker began the quest for the Orb.
     0 | D:1      | Reached XP level 1. HP: 22/22 MP: 0/0
   193 | D:1      | Reached XP level 2. HP: 14/29 MP: 1/1
   882 | D:2      | Reached skill level 3 in Fighting
   896 | D:2      | Reached XP level 3. HP: 30/37 MP: 2/2
   961 | D:2      | Reached ** piety under Trog
  1360 | D:3      | Reached XP level 4. HP: 44/45 MP: 3/3
  2641 | D:4      | Noticed Dowan
  2642 | D:4      | Noticed Duvessa
  2656 | D:4      | Killed Duvessa
  2656 | D:4      | Reached skill level 4 in Fighting
  2656 | D:4      | Reached XP level 5. HP: 17/54 MP: 4/4
  2663 | D:4      | HP: 3/81 [Dowan/wand of flame (31) (2)]
  2664 | D:4      | Killed from afar by Dowan

Skill      XL: |  1  2  3  4 |
---------------+-------------+-----
Fighting       | 3 4 |  4.1
Maces & Flails | 3 |  3.6
Dodging        | 3 |  3.3

Action                   |  1- 3 |  4- 6 || total
-------------------------+-------+-------++-------
Melee: Mace              |   120 |    98 ||   218
Invok: Berserk           |       |     1 ||     1
  Eat: Chunk             |    18 |    12 ||    30
Armor: Animal skin       |    58 |    28 ||    86
Dodge: Dodged            |    56 |    55 ||   111
